 Dungeon Crawl Stone Soup version 0.26.1-11-gd32895ea62 (webtiles) character file.

Game seed: 125449595024251918

107 Descartes the Conjurer (level 4, -4/24 HPs)
             Began as a Deep Elf Hedge Wizard on Apr 20, 2021.
             Killed by nerve-wracking pain
             ... invoked by Grinder
              (8 damage)
             ... on level 3 of the Dungeon.
             The game lasted 00:03:43 (3119 turns).

Descartes the Conjurer (Deep Elf Hedge Wizard)      Turns: 3119, Time: 00:03:44

Health: -4/24      AC:  3    Str:  7    XL:     4   Next: 57%
Magic:  9/12       EV: 13    Int: 20    God:
Gold:   128        SH:  0    Dex: 14    Spells: 10/11 levels left

rFire    + . .     SeeInvis .   i - +1 dagger (venom)
rCold    + . .     Faith    .   (no shield)
rNeg     . . .     Spirit   .   b - +0 robe
rPois    +         Reflect  .   c - +1 hat
rElec    +         Harm     .   (no cloak)
rCorr    +         Rampage  .   (no gloves)
Will     .....                  (no boots)
Stlth    ++........             (no amulet)
HPRegen  0.08/turn              (no ring)
MPRegen  0.13/turn              (no ring)

@: resistant
A: no striking features
a: no special abilities


You were on level 3 of the Dungeon.
You visited 1 branch of the dungeon, and saw 3 of its levels.

You collected 128 gold pieces.

Inventory:

Hand Weapons
 i - a +1 dagger of venom (weapon)
 j - a +3 short sword
Missiles
 a - 92 stones
 k - 21 bolts
 m - 11 arrows
 n - 16 sling bullets
Armour
 b - a +0 robe (worn)
 c - a +1 hat (worn)
Scrolls
 g - 4 scrolls of remove curse
 h - a scroll of identify
 l - a scroll of teleportation {unknown}
Potions
 d - a potion of magic {unknown}
 e - a potion of curing
 f - a potion of brilliance {unknown}
 o - 2 potions of resistance
 p - a potion of haste {unknown}


   Skills:
 - Level 2.4 Dodging
 - Level 2.4 Stealth
 - Level 4.4 Spellcasting
 + Level 5.0 Conjurations
 - Level 1.1 Summonings
 - Level 1.1 Translocations


You had 10 spell levels left.
You knew the following spells:

 Your Spells              Type           Power        Failure   Level
a - Magic Dart            Conj           96%          1%          1

Your spell library contained the following spells:

 Spells                   Type           Power        Failure   Level
 Blink                    Tloc           N/A          12%         2
 Call Imp                 Summ           8%           12%         2
 Conjure Flame            Conj/Fire      14%          13%         3
 Slow                     Hex            4%           19%         2
 Mephitic Cloud           Conj/Pois/Air  11%          19%         3


Dungeon Overview and Level Annotations

Branches:
Dungeon (3/15)

Altars:

Annotations:
D:3 Grinder


Message History

Grinder hits you.
You writhe in agony.
You barely miss Grinder.
Grinder is severely wounded.
Grinder says, "Wait up."
Grinder hits you.
* * * LOW HITPOINT WARNING * * *
You writhe in agony.
* * * LOW HITPOINT WARNING * * *
You feel protected. Grinder misses you.
It was a potion of curing.
You feel better. Grinder hits you!
* * * LOW HITPOINT WARNING * * *
You hit Grinder but do no damage.
Grinder is almost dead.
Grinder misses you.
You hit Grinder but do no damage.
Grinder is almost dead.
Grinder gestures at you. Pain shoots through your body!
You die...

#+##.#.###.# #.##..
.......#.#.....# #.##..
.......#.#..#### #.##..
............#.#####.##..
......(.....#.......####
............#....#######
......#.....####.#......
..............##..#.####
#####5@...##.###.#.# #
...........##.##....# #
.#####.#...##.##..######
........#.##.##(.......
#####.........#...#.)..
##########.#.##..#...#.###
.........#.#.##..#...#.#
########.#.#....†#.###.#
#######'#.####.##.....##


You could see Grinder (very poisoned).

Vanquished Creatures
  3 adders (D:2)
  3 oozes (D:1)
  A worm (D:3)
  4 dart slugs
  2 leopard geckos (D:2)
  4 orcs (D:3)
  6 bats
  2 giant cockroaches (D:3)
  8 goblins
  5 hobgoblins
  4 kobolds
  5 frilled lizards
  6 rats
53 creatures vanquished.

Notes
Turn   | Place    | Note
-------+----------+-------------------------------------------
     0 | D:1      | Descartes the Deep Elf Hedge Wizard began the quest for the
                  | Orb.
     0 | D:1      | Reached XP level 1. HP: 10/10 MP: 7/7
   146 | D:1      | Reached skill level 2 in Conjurations
   281 | D:1      | Reached XP level 2. HP: 15/15 MP: 3/9
   494 | D:1      | Reached skill level 3 in Conjurations
   847 | D:1      | Reached XP level 3. HP: 19/19 MP: 6/10
  1434 | D:2      | Reached skill level 4 in Conjurations
  1578 | D:2      | Reached XP level 4. HP: 24/24 MP: 8/12
  2638 | D:3      | Noticed Grinder
  3030 | D:3      | Reached skill level 5 in Conjurations
  3106 | D:3      | Paralysed by Grinder for 4 turns
  3119 | D:3      | Killed from afar by Grinder

Illustrated notes

Levels and vault maps discovered:
D:1:      minmay_arrival_diagonal_passages, layout_basic,
          hangedman_abyss_or_decor_stabs, minmay_surrounded
D:2:      layout_basic
D:3:      layout_basic, uniq_grinder

Skill      XL: |  1  2  3  4 |
---------------+-------------+-----
Conjurations   | 2 3 4 5 |  5.0
Dodging        | |  2.4
Stealth        | |  2.4
Spellcasting   | |  4.4
Summonings     | |  1.1
Translocations | |  1.1

Action                   |  1- 3 |  4- 6 || total
-------------------------+-------+-------++-------
Melee: Dagger            |     3 |     5 ||     8
       Short sword       |       |     1 ||     1
 Cast: Magic Dart        |    77 |    64 ||   141
  Use: Scroll            |       |     3 ||     3
       Potion            |       |     2 ||     2
Armor: Robe              |     1 |     4 ||     5
Dodge: Dodged            |     9 |    18 ||    27
